 Dungeon Crawl Stone Soup version 0.31-a0-986-g5e6e4ef867 (webtiles) character file.

Game seed: 14800881374076525762

113 pokeman the Magician (level 4, -2/25 HPs)
             Began as a Deep Elf Hedge Wizard on Nov 4, 2023.
             Slain by a goblin
             ... wielding a +0 dagger
             ... led by Robin
              (4 damage)
             ... on level 3 of the Dungeon.
             The game lasted 00:03:00 (2564 turns).

pokeman the Magician (Deep Elf Hedge Wizard)        Turns: 2564, Time: 00:03:01

Health: -2/25      AC:  2    Str:  7    XL:     4   Next: 65%
Magic:  3/13       EV: 12    Int: 21    God:
Gold:   98         SH:  0    Dex: 14    Spells: 6/14 levels left

rFire   . . .        k - +1 short sword (drain)
rCold   . . .        (no shield)
rNeg    . . .        b - +0 robe
rPois   .            c - +0 hat
rElec   .            (no cloak)
rCorr   .            (no gloves)
SInv    .            (no boots)
Will    .....        (no amulet)
Stlth   ++           h - ring of wizardry
HPRegen 0.24/turn    (no ring)
MPRegen 0.13/turn

%: wizardry (x1)
@: very slightly contaminated
A: no striking features
a: no special abilities


You were on level 3 of the Dungeon.
You visited 1 branch of the dungeon, and saw 3 of its levels.

You collected 98 gold pieces.

Inventory:

Hand Weapons
 k - a +1 short sword of draining (weapon)
Armour
 b - a +0 robe (worn)
 c - a +0 hat (worn)
Jewellery
 h - a ring of wizardry (left hand)
 o - a ring of fire
Wands
 m - a wand of iceblast (8)
Scrolls
 a - 4 scrolls of identify {unknown}
 e - 2 scrolls of teleportation {unknown}
 g - a scroll of vulnerability {unknown}
 i - 2 scrolls of revelation {unknown}
 j - a scroll of enchant weapon {unknown}
 p - a scroll of amnesia {unknown}
Potions
 d - a potion of magic
 f - a potion of haste {unknown}
 l - a potion of lignification {unknown}
 n - a potion of curing {unknown}
 q - a potion of heal wounds {unknown}
 r - a potion of might {unknown}


   Skills:
 - Level 1.0 Fighting
 - Level 1.0 Armour
 + Level 2.8 Dodging
 + Level 2.9 Stealth
 * Level 5.8 Spellcasting
 + Level 2.3 Conjurations
 - Level 1.1 Summonings
 - Level 1.1 Translocations


You had 6 spell levels left.
You knew the following spells:

 Your Spells              Type           Power      Damage    Failure   Level
a - Magic Dart            Conj           64%        1d6       1%          1
b - Mephitic Cloud        Conj/Pois/Air  9%         N/A       9%          3
c - Call Imp              Summ           20%        N/A       4%          2
d - Blink                 Tloc           20%        N/A       4%          2

Your spell library contained the following spells:

 Spells                   Type           Power      Damage    Failure   Level
 Slow                     Hex            24%        N/A       4%          1
 Cigotuvi's Dreadful Rot  Necr/Pois/Air  12%        N/A       6%          2
 Dazzling Flash           Conj/Hex       22%        N/A       8%          3
 Agony                    Necr           6%         N/A       69%         5
 Silence                  Hex/Air        3%         N/A       69%         5


Dungeon Overview and Level Annotations

Branches:
Dungeon (3/15)

Altars:

Annotations:
D:3 Robin


Message History

The gnoll falls into the water!
The gnoll drowns.
You hear a splash.
Unknown command.
Your unstable footing causes you to fumble your attack.
You hit the gnoll but do no damage. You drain the gnoll.
The gnoll is lightly wounded.
The gnoll misses you.
A goblin comes into view. It is wielding a +0 dagger.
The gnoll splashes around in the water.
Robin of the Strong Arm comes into view.
They are wielding a +0 mace.
The gnoll hits you from afar with a +0 spear.
Casting: Magic Dart (safe; 1% risk of failure)
Confirm with . or Enter, or press ? or * to list all spells.
Aiming: Mephitic Cloud (quite dangerous; 9% risk of failure)
Press: ? - help, Shift-Dir - straight line, f - gnoll, p - goblin
Aim: a gnoll, wielding a +0 spear (lightly wounded, heavily drained, chance to affect: 96%)
You miscast Mephitic Cloud.
You are very lightly contaminated with residual magic.
Nothing appears to happen.
The gnoll hits you from afar with a +0 spear.
Robin throws the goblin at you!
The goblin shouts!
Unknown command.
Casting: Mephitic Cloud (quite dangerous; 9% risk of failure)
Confirm with . or Enter, or press ? or * to list all spells.
You don't have enough magic to cast this spell.
There are monsters nearby!
Unknown command.
Unknown command.
The gnoll attacks as it pursues you!
The gnoll hits you from afar with a +0 spear.
* * * LOW HITPOINT WARNING * * *
Robin roars a battlecry!
The goblins go into a battle-frenzy!
The goblin hits you but does no damage.
The goblin shoots a sling bullet.
The sling bullet hits you.
* * * LOW HITPOINT WARNING * * *
The goblin hits you with a +0 dagger.
You die...

♣♣.....♣♣
♣♣..gggg.♣♣
♣.g.≈~≈...♣## #..#
#.g≈≈~≈≈gg... #..#
#.g~~♣~~.(##. #..#
#.g≈≈~≈≈..#..
##..##
#...≈g≈...#.# #....
##...g...##.# #...#
##...@.###.#
#...##. ###...###.#
#......
###.....#####.#.##.
#####.......#.# #
#########.# # #.# #
#.### #.... #####


You could see Robin, a gnoll (very drained), 2 hobgoblins and 8 goblins.

Vanquished Creatures
  2 gnolls (D:3)
  4 adders (D:2)
  3 worms (D:2)
  2 endoplasms (D:2)
  5 giant cockroaches
  6 goblins
  2 hobgoblins (D:1)
  2 jackals (D:1)
  4 kobolds
  5 ball pythons
  10 bats
  A frilled lizard (D:3)
  4 rats
50 creatures vanquished.

Notes
Turn   | Place    | Note
-------+----------+-------------------------------------------
     0 | D:1      | pokeman the Deep Elf Hedge Wizard began the quest for the
                  | Orb.
     0 | D:1      | Reached XP level 1. HP: 10/10 MP: 7/7
   327 | D:1      | Reached XP level 2. HP: 15/15 MP: 6/9
   890 | D:1      | Reached skill level 5 in Spellcasting
  1186 | D:2      | Reached XP level 3. HP: 20/20 MP: 9/11
  1191 | D:2      | Learned a level 3 spell: Mephitic Cloud
  1194 | D:2      | Learned a level 2 spell: Blink
  1197 | D:2      | Learned a level 2 spell: Call Imp
  1500 | D:2      | Reached skill level 1 in Armour
  1549 | D:2      | Reached skill level 1 in Fighting
  1764 | D:2      | Reached XP level 4. HP: 8/25 MP: 0/13
  2424 | D:3      | Found a faded altar of an unknown god.
  2561 | D:3      | Noticed Robin
  2564 | D:3      | Slain by a goblin

Illustrated notes

Levels and vault maps discovered:
D:1:      wander_arrival_estate, layout_loops_cross, minivault_14
D:2:      layout_loops_corners, minmay_pentomino_pile
D:3:      layout_loops_ring, elyvilon_altar_3, overflow_temple_1_default,
          shapermc_ecumenical_altar_starsandcircs, uniq_robin, uniq_jessica,
          uniq_grinder

Skill      XL: |  1  2  3 |
---------------+----------+-----
Spellcasting   | 5 |  5.8
Armour         | 1 |  1.0
Fighting       | 1 |  1.0
Conjurations   | 2 |  2.3
Dodging        | |  2.8
Stealth        | |  2.9
Summonings     | |  1.1
Translocations | |  1.1

Action                     |  1- 3 |  4- 6 || total
---------------------------+-------+-------++-------
  Melee: Short sword       |    13 |     2 ||    15
   Cast: Magic Dart        |    96 |    21 ||   117
         Mephitic Cloud    |     2 |     2 ||     4
   Stab: Confused          |     1 |       ||     1
 Armour: Robe              |     6 |    10 ||    16
  Dodge: Dodged            |    10 |     1 ||    11

Table legend: (Time is in decaauts)
 A = Elapsed time spent in this place.
 B = Non-inter-level travel time spent in this place.
 C = Inter-level travel time spent in this place.
 D = Time resting spent in this place.
 E = Time spent auto-exploring this place.
 F = Levels seen in this place.
 G = Mean time per level.
                   A        B        C        D        E       F      G
               +--------+--------+--------+--------+--------+-----+--------+
         Total |   2564 |   2513 |     51 |      0 |   2257 |   3 |  854.7 |
       Dungeon |   2564 |   2513 |     51 |      0 |   2257 |   3 |  854.7 |
               +--------+--------+--------+--------+--------+-----+--------+

Top non-repeatable levels by time:
     D:2: 1423 daAuts
     D:1: 996 daAuts
     D:3: 144 daAuts
